 Dungeon Crawl Stone Soup version 0.30.0-5-g1a98f26d00 (webtiles) character file.

Game seed: 14063031436906136202

18 SnakkuSnakku7 the Firebug (level 2, 0/14 HPs)
             Began as a Vine Stalker Fire Elementalist on May 13, 2023.
             Splashed by a jelly's acid (1 damage)
             ... on level 2 of the Dungeon.
             The game lasted 00:01:22 (832 turns).

SnakkuSnakku7 the Firebug (VSFE)                     Turns: 832, Time: 00:01:23

Health: 0/14       AC:  2    Str: 10    XL:     2   Next: 66%
Magic:  0/6        EV:  1    Int: 15    God:
Gold:   62         SH:  0    Dex: 20    Spells: 4/5 levels left

rFire   . .          .
                       - Unarmed
rCold   . . .        (no shield)
rNeg    . . .        k - +0 plate armour
rPois   .            (no helmet)
rElec   .            (no cloak)
rCorr   .            (no gloves)
SInv    .            (no boots)
Will    .....        (no amulet) Stlth
                     f - +6 ring of dexterity
HPRegen 0.22/turn    (no ring)
MPRegen 0.10/turn

%: guardian spirit
@: corroded
A: fangs 2, magic shield, antimagic bite, no potion heal 2
a: no special abilities


You were on level 2 of the Dungeon.
You visited 1 branch of the dungeon, and saw 2 of its levels.

You collected 75 gold pieces.
You spent 13 gold pieces at shops.

Inventory:

Armour
 a - a +0 robe
 k - a +0 plate armour (worn)
Jewellery
 f - a +6 ring of dexterity (left hand)
Scrolls
 c - a scroll of identify {unknown}
 d - a scroll of enchant armour {unknown}
 e - a scroll of teleportation {unknown}
 g - a scroll of enchant weapon {unknown}
 h - a scroll of immolation {unknown}
 j - 2 scrolls of vulnerability {unknown}
Potions
 b - a potion of magic
 i - a potion of might {unknown}


   Skills:
 + Level 1.2 Fighting
 - Level 1.5 Dodging
 - Level 2.4 Stealth
 + Level 1.4 Unarmed Combat
 - Level 2.1 Spellcasting
 - Level 1.0 Conjurations
 - Level 3.0 Fire Magic


You had 4 spell levels left.
You knew the following spells:

 Your Spells              Type           Power      Damage    Failure   Level
a - Foxfire               Conj/Fire      28%        2x1d5     100%        1

Your spell library contained the following spells:

 Spells                   Type           Power      Damage    Failure   Level
 Scorch                   Fire           20%        2d5       100%        2
 Inner Flame              Hex/Fire       6%         N/A       100%        3
 Volatile Blastmotes      Fire/Tloc      12%        2d11      100%        3
 Flame Wave               Conj/Fire      7%         2d5       100%        4


Dungeon Overview and Level Annotations

Branches:
Dungeon (2/15)

Altars:

Shops:
D:1 !


Innate Abilities, Weirdness & Mutations

You have extremely sharp teeth.
When hurt, damage is shared between your health and your magic reserves.
Your bite disrupts and absorbs the magic of your enemies.
Potions cannot restore your health.


Message History

j - 2 scrolls labelled NIENNY USHA (gained 1)
You now have 44 gold pieces (gained 12).
HP restored.
You open the door.
Found a stone staircase leading down.
There is an open door here.
You now have enough gold to buy a potion of might on D:1.
You can access your shopping list by pressing '$'.
You now have 55 gold pieces (gained 11).
You open the door.
There is an open door here.
Found a stone staircase leading up.
There is a stone staircase leading up here.
Found 2 stones.
You now have 62 gold pieces (gained 7).
You see here a +0 spear.
You see here 3 stones.
A jelly comes into view.
A jelly is nearby!
The jelly quivers.
You open the door. The jelly attacks as you move away! The jelly hits you.
The acid corrodes you!
You are splashed with acid!
There is an open door here.
You aren't carrying any items that you can evoke.
Unknown command.
You hit the jelly but do no damage.
Your hands burn!
The jelly hits you but does no damage.
You hit the jelly. The acid corrodes you!
Your hands burn!
* * * LOW HITPOINT WARNING * * *
You bite the jelly, but do no damage.
The jelly is lightly wounded.
The jelly hits you but does no damage.
You hit the jelly but do no damage.
Your hands burn!
* * * LOW HITPOINT WARNING * * *
The jelly is lightly wounded.
The jelly hits you but does no damage.
Okay, then.
You hit the jelly but do no damage.
Your hands burn!
You die...

#.........###.####.## #...
#.###....## ### #.# ####
#........# #<# ### #####...##
##+## #.. ##.## ##...## #.# #.###
##.....#######.# #(#.##
##.......##......
#########....####....>....#.##...
...............J@.........'......
#########....####.........#.##...
###.#.## ##.......##.###.<
#...### ##.....###.##### #...#
##...## #.....( #...# ##'##
####### ##.## #.# ###.### #.#
#.....# ##.###########


You could see a jelly.

Vanquished Creatures
  A ball python (D:1)
  2 bats (D:1)
  2 endoplasms (D:2)
  2 giant cockroaches (D:1)
  A goblin (D:2)
  3 hobgoblins
  A quokka (D:1)
  A frilled lizard (D:1)
  A kobold (D:1)
  A rat (D:1)
15 creatures vanquished.

Vanquished Creatures (others)
  6 foxfires (D:1)
6 creatures vanquished.

Grand Total: 21 creatures vanquished

Notes
Turn   | Place    | Note
-------+----------+-------------------------------------------
     0 | D:1      | SnakkuSnakku7 the Vine Stalker Fire Elementalist began the
                  | quest for the Orb.
     0 | D:1      | Reached XP level 1. HP: 9/9 MP: 4/4
   141 | D:1      | Reached skill level 1 in Unarmed Combat
   141 | D:1      | Reached XP level 2. HP: 14/14 MP: 4/6
   171 | D:1      | Reached skill level 1 in Fighting
   190 | D:1      | Found Ahueth's Distillery.
   564 | D:1      | Bought a potion of degeneration for 13 gold pieces
   832 | D:2      | Splashed by a jelly's acid

Illustrated notes

Levels and vault maps discovered:
D:1:      lightli_arrival_lavapool, layout_rooms, serial_shops,
          nicolae_shop_crystal
D:2:      layout_loops_corners

Skill      XL: |  1  2 |
---------------+-------+-----
Unarmed Combat | 1 |  1.4
Fighting       | 1 |  1.2
Dodging        | |  1.5
Stealth        | |  2.4
Spellcasting   | |  2.1
Conjurations   | |  1.0
Fire Magic     | |  3.0

Action                     || total
---------------------------++-------
  Melee: Unarmed           ||    50
         Bite              ||     7
   Cast: Foxfire           ||     3
   Stab: Sleeping          ||     4
 Armour: Robe              ||     6
         Plate armour      ||    12
  Dodge: Dodged            ||    21
